 Dungeon Crawl Stone Soup version 0.21.1-1-g345015f (webtiles) character file.

88 johnjohn the Cudgeler (level 4, -4/67 HPs)
             Began as a Troll Berserker on May 27, 2018.
             Was a Believer of Trog.
             Slain by an orc
             ... wielding a +0 mace
              (7 damage)
             ... on level 2 of the Dungeon.
             The game lasted 00:04:38 (1427 turns).

johnjohn the Cudgeler (Troll Berserker)             Turns: 1427, Time: 00:04:38

Health: -4/67      AC:  5    Str: 30    XL:     4   Next: 30%
Magic:  3/3        EV: 10    Int:  3    God:    Trog [**....]
Gold:   110        SH:  0    Dex: 10    Spells: 3/3 levels left

rFire    . . .     SeeInvis .   a - +0 mace
rCold    . . .     Gourm    +   (no shield)
rNeg     . . .     Faith    .   b - +0 animal skin
rPois    .         Spirit   .   (helmet restricted)
rElec    .         Reflect  .   (no cloak)
rCorr    .         Harm     .   (gloves unavailable)
MR       .....                  (boots unavailable)
Stlth    ..........             (no amulet)
HPRegen  0.61/turn              (no ring)
MPRegen  0.08/turn              (no ring)

@: berserking, very quick
A: large, unfitting armour, claws 3, fast metabolism 3, gourmand, regeneration
1, shaggy fur 1, tough skin 2
a: Berserk, Trog's Hand, Burn Spellbooks, Renounce Religion


You were on level 2 of the Dungeon.
You worshipped Trog.
Trog was pleased with you.
You were not hungry.

You visited 1 branch of the dungeon, and saw 3 of its levels.

You collected 110 gold pieces.

Inventory:

Hand Weapons
 a - a +0 mace (weapon)
Armour
 b - a +0 animal skin (worn)
Jewellery
 h - a cursed ring of loudness {unknown}
Scrolls
 d - 3 scrolls of remove curse {unknown}
 e - 2 scrolls of identify {unknown}
 f - 2 scrolls of enchant armour {unknown}
 i - a scroll of enchant weapon {unknown}
 j - 2 scrolls of magic mapping {unknown}
 k - a scroll of random uselessness {unknown}
 m - a scroll of fog {unknown}
Potions
 g - 2 potions of degeneration {unknown}
 l - a potion of resistance {unknown}
Comestibles
 c - 9 rations


   Skills:
 + Level 3.2 Fighting
 + Level 3.6 Maces & Flails
 + Level 2.9 Dodging
 + Level 0.1 Stealth


You had 3 spell levels left.
You didn't know any spells.

Dungeon Overview and Level Annotations

Branches:
Dungeon (3/15)

Altars:


Innate Abilities, Weirdness & Mutations

You are too large for most types of armour.
You have claws for hands.
Your metabolism is lightning-fast.
You like to eat raw meat.
Your natural rate of healing is unusually fast.
You are covered in fur. (AC +1)
You have very tough skin. (AC +2)


Message History

* * * LOW HITPOINT WARNING * * *
The orc barely misses you.
You closely miss the rat. The rat bites you.
* * * LOW HITPOINT WARNING * * *
The orc hits you with a club.
* * * LOW HITPOINT WARNING * * *
You hit the rat.
The rat is severely wounded.
The orc barely misses you. The orc hits you with a mace!
* * * LOW HITPOINT WARNING * * *
The rat bites you but does no damage.
You thump the rat!
You kill the rat!
Trog accepts your kill. The orc hits you with a club.
* * * LOW HITPOINT WARNING * * *
The orc hits you with a mace.
* * * LOW HITPOINT WARNING * * *
You barely miss the orc. The orc hits you with a mace!
You die...

.....# #.....##.#
#.....##.##... .....#
#.....##.# #.....##.##.##
##.### #......#.# #......#.##.#
#...# #......#.########.#.##.#
###.# #........##...# #.#.##.#
#.# #.....#..##.#.# #.#.##.#
#.# #.(.........#.# #.#....#
#.# #....##oo####.###.######
#.# ######...@†......#.# #.#
#....#.(o.)....#'#.#
##.###..######.#####....#
#.......................#
#<...##.#.####.####.....#######
#####.#..#.# #.# #.....##.....
#.....#..#.# #.# #.....##.####
#.#####..#.# #.# #.....##.# #.#
#÷.....# #.####.....##)####


You could see 3 orcs.

Vanquished Creatures
  Jessica (D:2)
  2 adders (D:2)
  An ooze (D:2)
  2 leopard geckos
  An orc (D:2)
  2 giant cockroaches (D:1)
  3 goblins
  5 hobgoblins
  2 jackals (D:1)
  4 bats
  5 frilled lizards
  6 kobolds
  6 rats
40 creatures vanquished.

Notes
Turn   | Place    | Note
-------+----------+-------------------------------------------
     0 | D:1      | johnjohn the Troll Berserker began the quest for the Orb.
     0 | D:1      | Reached XP level 1. HP: 22/22 MP: 0/0
    94 | D:1      | Reached XP level 2. HP: 29/29 MP: 1/1
   742 | D:2      | Noticed Jessica
   756 | D:2      | Killed Jessica
   756 | D:2      | Reached XP level 3. HP: 31/37 MP: 2/2
   853 | D:2      | Reached ** piety under Trog
   933 | D:2      | Reached XP level 4. HP: 45/45 MP: 3/3
  1426 | D:2      | HP: 3/67 [orc/mace (1)]
  1427 | D:2      | Slain by an orc

Skill      XL: |  1  2 |
---------------+-------+-----
Maces & Flails | 3 |  3.6
Fighting       | 3 |  3.2
Dodging        | |  2.9
Stealth        | |  0.1

Action                   |  1- 3 |  4- 6 || total
-------------------------+-------+-------++-------
Melee: Mace              |    76 |    38 ||   114
Invok: Berserk           |       |     1 ||     1
  Eat: Chunk             |    14 |     1 ||    15
Armor: Animal skin       |    34 |    13 ||    47
Dodge: Dodged            |    52 |    24 ||    76
